 Dungeon Crawl Stone Soup version 0.28.0 (webtiles) character file.

Game seed: 18109555864340620209

51 mandarbmax the Ruffian (level 3, -1/36 HPs)
             Began as an Ogre Transmuter on Feb 13, 2022.
             Was a Follower of Wu Jian.
             Slain by a gnoll (4 damage)
             ... on level 2 of the Dungeon.
             The game lasted 00:02:06 (1705 turns).

mandarbmax the Ruffian (Ogre Transmuter)            Turns: 1705, Time: 00:02:06

Health: -1/36      AC:  3    Str: 14    XL:     3   Next: 83%
Magic:  3/7        EV: 10    Int: 16    God:    Wu Jian [*.....]
Gold:   38         SH:  0    Dex:  9    Spells: 2/8 levels left

rFire   . . .      SeeInvis .     - Unarmed
rCold   . . .      Faith    .   (no shield)
rNeg    . . .      Spirit   .   a - +0 robe
rPois   .          Reflect  .   (helmet restricted)
rElec   .          Harm     .   (no cloak)
rCorr   .          Rampage  .   (gloves unavailable)
Will    .....                   (boots unavailable)
Stlth   +.........              (no amulet)
HPRegen 0.12/turn               (no ring)
MPRegen 0.10/turn               (no ring)

@: wereblooded
A: large, unfitting armour, tough skin 1
a: Renounce Religion


You were on level 2 of the Dungeon.
You worshipped Wu Jian.
Wu Jian was aware of your devotion.
You visited 1 branch of the dungeon, and saw 2 of its levels.

You collected 38 gold pieces.

Inventory:

Armour
 a - a +0 robe (worn)
Scrolls
 c - a scroll of immolation {unknown}
 e - a scroll of identify {unknown}
Potions
 b - a potion of might {unknown}
 d - a potion of flight {unknown}


   Skills:
 + Level 2.7 Fighting
 - Level 2.0 Dodging
 * Level 3.2 Unarmed Combat
 - Level 3.0 Spellcasting
 * Level 2.1 Transmutations


You had 2 spell levels left.
You knew the following spells:

 Your Spells              Type           Power      Damage    Failure   Level
a - Beastly Appendage     Tmut           18%        N/A       8%          1
b - Wereblood             Tmut           9%         N/A       12%         2
c - Spider Form           Tmut/Pois      5%         N/A       36%         3

Your spell library contained the following spells:

 Spells                   Type           Power      Damage    Failure   Level
 Ice Form                 Ice/Tmut       5%         N/A       77%         4


Dungeon Overview and Level Annotations

Branches:
Dungeon (2/15)

Altars:
Wu Jian


Innate Abilities, Weirdness & Mutations

You are too large for most types of armour.
You have tough skin. (AC +1)


Message History

You hit the gnoll. You claw the gnoll.
The gnoll is moderately wounded.
The gnoll hits you with a +0 club.
You hit the gnoll. Your kick misses the gnoll.
The gnoll is moderately wounded.
Your transformation is almost over.
The gnoll hits you but does no damage.
Casting: Beastly Appendage (safe; 9% risk of failure)
Confirm with . or Enter, or press ? or * to list all spells.
You miscast Wereblood.
You are very lightly contaminated with residual magic.
Nothing appears to happen.
The gnoll hits you with a +0 club!
Casting: Wereblood (safe; 12% risk of failure)
Confirm with . or Enter, or press ? or * to list all spells.
Your blood is infused with primal strength.
The gnoll hits you with a +0 club.
You hit the gnoll but do no damage. You claw the gnoll.
Your headbutt misses the gnoll. Your punch misses the gnoll.
The gnoll is severely wounded.
The gnoll barely misses you.
You closely miss the gnoll. You claw the gnoll.
You feel a bit better.
You kill the gnoll!
The Council accepts your kill.
You lunge at the gnoll.
You hit the gnoll. You claw the gnoll.
The gnoll is severely wounded.
The gnoll hits you with a +0 club!
The gnoll hits you from afar with a +0 spear.
Things that are here:
a +0 club; a gnoll corpse Unknown command.
You barely miss the gnoll. Your punch misses the gnoll.
The gnoll is severely wounded.
The gnoll hits you with a +0 club!
* * * LOW HITPOINT WARNING * * *
The gnoll hits you from afar with a +0 spear.
* * * LOW HITPOINT WARNING * * *
Your magical contamination has completely faded away.
Your horns disappear.
Your talons disappear.
The gnoll hits you with a +0 club.
You die...

#........#
#..###
#........#
#.##
#........# #.#
##########
#.### #####
##...###......
#.....)..#
####...g#####
##.....g.#
.......)@.#
...####......#
## #.<.##.#
#...# .. #....
## #..### #..#
....


You could see 2 gnolls.

Vanquished Creatures
  2 gnolls
  A dart slug (D:1)
  A ball python (D:1)
  3 endoplasms (D:1)
  A giant cockroach (D:1)
  2 goblins
  6 hobgoblins (D:1)
  4 jackals (D:1)
  2 kobolds (D:1)
  A quokka (D:1)
  2 bats (D:1)
25 creatures vanquished.

Notes
Turn   | Place    | Note
-------+----------+-------------------------------------------
     0 | D:1      | mandarbmax the Ogre Transmuter began the quest for the Orb.
     0 | D:1      | Reached XP level 1. HP: 19/19 MP: 3/3
   264 | D:1      | Reached XP level 2. HP: 28/28 MP: 3/5
  1012 | D:1      | Reached XP level 3. HP: 11/36 MP: 0/7
  1365 | D:1      | Found a faded altar of an unknown god.
  1516 | D:1      | Prayed at the altar of an unknown god.
  1516 | D:1      | Became a worshipper of the Wu Jian Council
  1516 | D:1      | Reached * piety under Wu Jian
  1646 | D:2      | Learned a level 2 spell: Wereblood
  1650 | D:2      | Learned a level 3 spell: Spider Form
  1705 | D:2      | Slain by a gnoll

Illustrated notes

Levels and vault maps discovered:
D:1:      onia_arrival_mini_spirals, layout_loops_ring,
          dreamdust_ecumenical_altar_statues
D:2:      layout_rooms, hangedman_decor_peaks_small, small_statue_intersection

Skill      XL: |  1  2 |
---------------+-------+-----
Dodging        | 2 |  2.0
Transmutations | 2 |  2.1
Fighting       | 2 |  2.7
Unarmed Combat | 3 |  3.2
Spellcasting   | 3 |  3.0

Action                   || total
-------------------------++-------
Melee: Unarmed           ||    78
       Kick              ||    18
       Headbutt          ||    11
       Punch             ||     2
 Cast: Beastly Appendage ||    23
       Wereblood         ||     1
Invok: Lunge             ||     2
Armor: Robe              ||    21
Dodge: Dodged            ||    27
